 Dungeon Crawl Stone Soup version 0.16-a0-129-gbf5829b (webtiles) character file.

16526 Ololoev the Basher (level 12, -13/195 HPs)
             Began as an Ogre Hunter on Aug 12, 2014.
             Was a High Priest of Okawaru.
             Mangled by a spectral orc warrior
             ... wielding a +0 glaive
             ... summoned by Nergalle
              (15 damage)
             ... on Level 13 of the Dungeon on Aug 13, 2014.
             The game lasted 01:14:03 (17342 turns).

Ololoev the Basher (Ogre Hunter)                   Turns: 17342, Time: 01:14:03

HP -13/195       AC  4     Str 28      XL: 12   Next: 38%
MP  23/23        EV  9     Int 10      God: Okawaru [*****.]
Gold 619         SH  0     Dex 11      Spells:  1 memorised,  8 levels left

rFire  . . .     SeeInvis .     A - +2 flail (holy)
rCold  + . .     Clarity  .     a - +1 robe {MR+}
rNeg   . . .     rCorr    .     (shield restricted)
rPois  .         rRot     .     (helmet restricted)
rElec  .         Spirit   .     (no cloak)
SustAb .         Warding  .     (gloves unavailable)
rMut   .         Stasis   .     (boots unavailable)
Gourm  .                        y - amulet of rage
MR     ++...                    p - ring of protection from cold
                                C - ring of teleport control

@: berserking, heavily drained, very quick, very resistant to hostile
enchantments, extremely unstealthy
A: unfitting armour, tough skin 1
a: Heroism, Finesse, Renounce Religion, Evoke Berserk Rage, Evoke Teleport
Control


You were on level 13 of the Dungeon.
You worshipped Okawaru.
Okawaru was extremely pleased with you.
You were very full.

You visited 2 branches of the dungeon, and saw 14 of its levels.
You also visited: Bailey.

You collected 755 gold pieces.
You spent 136 gold pieces at shops.

Inventory:

Hand weapons
 A - a +2 flail of holy wrath (weapon)
Missiles
 c - 5 javelins of returning (quivered)
 d - a throwing net
 L - 2 tomahawks of dispersal
Armour
 a - a +1 robe of magic resistance (worn)
Magical devices
 B - a wand of digging (17)
 F - a wand of fireball (0)
 J - a wand of cold (0)
 O - a wand of confusion (7)
Comestibles
 f - 10 meat rations
 g - 2 beef jerkies
 l - 11 fruits
 n - 13 bread rations
 K - 2 slices of pizza
 P - 4 royal jellies
Scrolls
 e - 2 scrolls of amnesia
 j - 2 scrolls of enchant weapon
 o - a scroll of summoning
 t - 6 scrolls of remove curse
 u - a scroll of silence
 w - 3 scrolls of blinking
 z - a scroll of enchant armour
 E - 3 scrolls of teleportation
 G - a scroll of magic mapping
Jewellery
 p - a ring of protection from cold (right hand)
 y - an amulet of rage (around neck)
 C - a ring of teleport control (left hand)
 H - an uncursed amulet of the gourmand
Potions
 b - a potion of cure mutation
 h - a potion of beneficial mutation {unknown}
 i - 4 potions of curing
 k - 2 potions of invisibility
 m - a potion of haste
 q - 2 potions of might
 r - 2 potions of restore abilities
 D - 2 potions of agility
 M - a potion of mutation {unknown}
 N - a potion of degeneration {unknown}


   Skills:
 * Level 11.0(8.3) Fighting
 + Level 13.8(10.9) Maces & Flails
 * Level 12.7(9.9) Throwing
 - Level 1.7(0.0) Dodging
 - Level 0.7(0.0) Stealth
 - Level 8.4(5.9) Evocations


You had 8 spell levels left.
You knew the following spells:

 Your Spells              Type           Power        Failure   Level  Hunger
a - Conjure Flame         Conj/Fire      #.......     92%         3    ####...


Dungeon Overview and Level Annotations

Branches:
Dungeon (13/15)            Temple (1/1) D:4             Orc (0/4) D:9
   Lair (0/8) D:10
 Vaults: D:13-14

Altars:
Ashenzari
Cheibriados
Dithmenos
Elyvilon
Fedhas
Gozag
Kikubaaqudgha
Makhleb
Nemelex Xobeh
Okawaru
Qazlal
Sif Muna
Trog
Vehumet
Xom
Yredelemnul
Zin
The Shining One
Lugonu

Shops:
D:4 ?   D:8 }   D:9 (

Annotations:
D:13 Nergalle


Innate Abilities, Weirdness & Mutations

You are too large for most types of armour.
You have tough skin (AC +1).


Message History

The spectral orc warrior barely misses you.
The orc priest closely misses you.
The spectral orc knight hits you but does no damage.
The spectral orc warrior hits you with a battleaxe of freezing.
* * * LOW HITPOINT WARNING * * *
You closely miss Nergalle.
Nergalle is severely wounded.
The spectral orc warrior barely misses you.
Nergalle hits you with a dagger.
* * * LOW HITPOINT WARNING * * *
The spectral orc warrior hits you from afar with a trident.
* * * LOW HITPOINT WARNING * * *
The spectral orc warrior hits you with a scimitar.
* * * LOW HITPOINT WARNING * * *
The orc priest hits you with a dagger.
* * * LOW HITPOINT WARNING * * *
You barely miss Nergalle.
Nergalle is severely wounded.
The spectral orc warrior hits you from afar with a glaive!
You die...

#.#.# #.# .## #.#.#
#.# ... #.#.# #.#
#.# #.#.######.# #.#
#.#.#...##.# #.#
#.#...#.##.## #.#
###(#oo..)(...# #.#
(....###.###..###Z#
# .....#
#.##(..[o@Z##.#
##..(#
#.##....oZZZ..#
##.##
#.##....ZZ..........
#.
#.####(############
#( #.# #.# .. ..#
#.# #. ### #.# . ..#
#


You could see Nergalle, a spectral orc knight, 6 spectral orc warriors and an
orc priest.

Vanquished Creatures
  The ghost of TZer0 the Grappler, a powerful TrWr of Cheibriados (D:11)
  A hydra (D:12)
  A centaur warrior (D:12)
  An unseen horror (D:12)
  2 hill giants
  2 ugly things (D:11)
  A cyclops (D:12)
  A spiny frog (shapeshifter) (D:13)
  A gargoyle (D:12)
  Sonja (D:12)
  A troll (D:9)
  3 slime creatures (D:12)
  A griffon zombie (D:10)
  A trapdoor spider (D:12)
  4 wyverns
  17 yaks
  An air elemental (D:12)
  A fire elemental (D:12)
  A hippogriff (D:11)
  A steam dragon (D:11)
  Edmund (D:5)
  4 orc warriors
  The ghost of vatarom the Chiller, an average DEIE (D:4)
  6 ice beasts
  2 centaurs
  A manticore zombie (D:11)
  A necrophage (D:12)
  2 sky beasts
  2 black bears
  4 ogres
  3 phantoms
  2 big kobolds
  Blork the orc (D:9)
  An earth elemental (D:12)
  9 giant frogs
  A wyvern zombie (D:8)
  A cyclops skeleton (D:10)
  11 scorpions
  An eye of draining (D:11)
  A hippogriff skeleton (D:8)
  A spriggan skeleton (D:12)
  A troll skeleton (D:12)
  5 wights (D:8)
  A goliath beetle (D:10)
  5 crimson imps
  5 jellies
  A giant frog zombie (D:5)
  A quasit (D:12)
  2 hounds
  2 giant frog skeletons
  A gnoll shaman (D:7)
  6 orc priests
  3 spectral orcs (D:13)
  7 orc wizards
  2 centaur skeletons (D:12)
  12 worker ants
  A two-headed ogre skeleton (D:8)
  3 iguanas
  An ogre zombie (D:5)
  A crocodile skeleton (D:8)
  A hound zombie (D:8)
  A mummy (D:7)
  A hound skeleton (D:9)
  A worker ant zombie (D:13)
  14 gnolls
  11 adders
  8 giant mites
  4 shadow imps
  2 worms
  A giant gecko (D:5)
  An ooze (D:5)
  46 orcs
  A bat skeleton (D:4)
  A bat zombie (D:5)
  6 giant cockroaches
  20 goblins
  19 hobgoblins
  11 jackals
  22 kobolds
  7 quokkas
  4 ball pythons
  19 bats
  3 giant newts
  A giant spore (D:11)
  A hobgoblin skeleton (D:4)
  2 hobgoblin zombies (D:7)
  2 kobold zombies
  2 orc zombies (D:7)
  13 rats
  5 ballistomycetes (D:11)
389 creatures vanquished.

Vanquished Creatures (others)
  A water elemental (D:12)
  A giant frog skeleton (D:12)
  A kobold (D:8)
  3 fungi (D:12)
6 creatures vanquished.

Grand Total: 395 creatures vanquished

Notes
Turn   | Place    | Note
--------------------------------------------------------------
     0 | D:1      | Ololoev, the Ogre Hunter, began the quest for the Orb.
     0 | D:1      | Reached XP level 1. HP: 22/22 MP: 1/1
   431 | D:1      | Reached XP level 2. HP: 26/29 MP: 2/2
   631 | D:1      | Reached skill level 5 in Throwing
  1181 | D:1      | Reached XP level 3. HP: 32/36 MP: 3/3
  1985 | D:3      | Found a glowing golden altar of the Shining One.
  2236 | D:3      | Reached XP level 4. HP: 42/44 MP: 4/4
  2966 | D:3      | Reached XP level 5. HP: 35/50 MP: 5/5
  3141 | D:3      | Reached skill level 6 in Throwing
  3141 | D:3      | Reached skill level 1 in Evocations
  3524 | D:4      | Found Skaute's Magic Scroll Shop.
  3529 | D:4      | Bought a scroll of enchant weapon for 97 gold pieces
  3530 | D:4      | Bought a scroll of remove curse for 39 gold pieces
  3744 | D:4      | Found a staircase to the Ecumenical Temple.
  3751 | Temple   | Entered the Ecumenical Temple
  4445 | D:4      | Noticed vatarom's ghost (average DEIE)
  4452 | D:4      | Killed vatarom's ghost
  4452 | D:4      | Reached XP level 6. HP: 59/59 MP: 6/8
  4772 | D:5      | Entered Level 5 of the Dungeon
  5421 | D:5      | Got a heavily runed fire dragon armour
  5433 | D:5      | Identified the +7 fire dragon armour of Gravity {rF++ rC- Dex-5 Int-4} (You found it on level 5 of the Dungeon)
  5490 | D:5      | Reached XP level 7. HP: 63/66 MP: 8/10
  5536 | D:5      | Noticed Edmund
  5550 | D:5      | Killed Edmund
  5550 | D:5      | Reached skill level 5 in Maces & Flails
  5550 | D:5      | Reached skill level 7 in Throwing
  5799 | D:5      | Learned a level 3 spell: Conjure Flame
  6092 | D:5      | Found a sparkling altar of Nemelex Xobeh.
  6174 | D:5      | Reached XP level 8. HP: 52/74 MP: 11/13
  7113 | D:6      | Reached skill level 5 in Evocations
  7579 | D:6      | Found a bloodstained altar of Trog.
  7871 | D:6      | Reached skill level 8 in Maces & Flails
  8164 | D:6      | Found an iron altar of Okawaru.
  8165 | D:6      | Found an opulent altar of Gozag.
  8169 | D:6      | Became a worshipper of Warmaster Okawaru
  8609 | D:7      | Reached XP level 9. HP: 56/80 MP: 17/17
  9247 | D:7      | Reached skill level 9 in Maces & Flails
  9870 | D:8      | Found Foang's Gadget Emporium.
 10011 | D:8      | Acquired Okawaru's first power
 10105 | D:8      | Reached skill level 10 in Maces & Flails
 10459 | D:8      | Found a snail-covered altar of Cheibriados.
 10919 | D:9      | Reached XP level 10. HP: 34/88 MP: 20/20
 11038 | D:9      | Found a flagged portal.
 11064 | D:9      | Reached skill level 11 in Maces & Flails
 11161 | Bailey   | Entered a bailey
 11656 | Bailey   | Found a bloodstained altar of Trog.
 11787 | D:9      | Found a white marble altar of Elyvilon.
 11787 | D:9      | Found a radiant altar of Vehumet.
 11789 | D:9      | Found a stormy altar of Qazlal.
 11790 | D:9      | Found a blossoming altar of Fedhas.
 11791 | D:9      | Found a shadowy altar of Dithmenos.
 11791 | D:9      | Found a basalt altar of Yredelemnul.
 11791 | D:9      | Found an ancient bone altar of Kikubaaqudgha.
 11800 | D:9      | Found a staircase to the Orcish Mines.
 12106 | D:9      | Noticed Blork the orc
 12111 | D:9      | Killed Blork the orc
 12111 | D:9      | Reached skill level 12 in Maces & Flails
 12136 | D:9      | Found a white marble altar of Elyvilon.
 12276 | D:9      | Received a gift from Okawaru
 12345 | D:9      | Found Segiepup's Weapon Boutique.
 12459 | D:10     | Entered Level 10 of the Dungeon
 12958 | D:10     | Found a staircase to the Lair.
 13073 | D:10     | Noticed a hill giant
 13085 | D:10     | Killed a hill giant
 13085 | D:10     | Received a gift from Okawaru
 13085 | D:10     | Reached skill level 5 in Fighting
 13085 | D:10     | Reached skill level 10 in Throwing
 13753 | D:11     | Noticed TZer0's ghost (powerful TrWr)
 13796 | D:11     | Received a gift from Okawaru
 13796 | D:11     | Reached XP level 11. HP: 102/105 MP: 22/22
 13815 | D:11     | Killed TZer0's ghost
 13889 | D:11     | Upgraded the game from 0.16-a0-119-gc74d62a to 0.16-a0-129-gbf5829b
 14050 | D:11     | Noticed a green ugly thing
 14064 | D:11     | Killed a green ugly thing
 14630 | D:11     | Received a gift from Okawaru
 15191 | D:12     | Acquired Okawaru's second power
 15259 | D:12     | Received a gift from Okawaru
 15259 | D:12     | Reached skill level 13 in Maces & Flails
 15290 | D:12     | Noticed a centaur warrior
 15294 | D:12     | Killed a centaur warrior
 15778 | D:12     | Noticed a five-headed hydra
 15784 | D:12     | Killed a five-headed hydra
 15784 | D:12     | Received a gift from Okawaru
 15794 | D:12     | Got a smoking cloak {god gift}
 15801 | D:12     | Identified the -3 cloak "Streug" {+Inv rN+ Int+3} (Okawaru gifted it to you on level 12 of the Dungeon)
 15919 | D:12     | Noticed Sonja
 15950 | D:12     | Reached XP level 12. HP: 68/126 MP: 23/23
 16195 | D:12     | Reached skill level 10 in Fighting
 16476 | D:12     | Killed Sonja
 16570 | D:12     | Killed an unseen horror
 17194 | D:13     | Noticed Nergalle
 17195 | D:13     | Noticed a spectral orc warlord
 17341 | D:13     | HP: 9/195 [spectral orc warrior/trident[Nergalle] (6)]
 17341 | D:13     | HP: 4/195 [spectral orc warrior/scimitar[Nergalle] (5)]
 17341 | D:13     | HP: 1/195 [orc priest/dagger (3)]
 17342 | D:13     | Mangled by a spectral orc warrior

Action                   |  1- 3 |  4- 6 |  7- 9 | 10-12 || total
-------------------------+-------+-------+-------+-------++-------
Melee: Club              |   140 |    59 |       |       ||   199
       Flail             |       |   146 |   393 |   274 ||   813
Throw: Large rock        |     5 |    13 |    13 |   147 ||   178
       Throwing net      |       |     1 |       |     6 ||     7
       Tomahawk          |       |       |       |    92 ||    92
       Javelin           |       |       |       |    59 ||    59
 Abil: Evoke Berserk Rag |       |     3 |       |     1 ||     4
Evoke: Wand              |       |     4 |    23 |    17 ||    44
  Use: Scroll            |     4 |     9 |     8 |     4 ||    25
       Potion            |       |     2 |     2 |     4 ||     8
 Stab: Held in net/web   |       |       |       |     3 ||     3
  Eat: Chunk             |     4 |    12 |    25 |    20 ||    61
       Pizza             |       |       |     1 |       ||     1
